 Dungeon Crawl Stone Soup version 0.22-a0-247-gbddf880 (webtiles) character file.

5845 wolfsongas the Martial Artist (level 10, -2/76 HPs)
             Began as a Gnoll Wanderer on Feb 23, 2018.
             Was an Initiate of Gozag.
             Slain by a yak (21 damage)
             ... on level 9 of the Dungeon.
             The game lasted 00:22:46 (11700 turns).

wolfsongas the Martial Artist (Gnoll Wanderer)     Turns: 11700, Time: 00:22:46

Health: -2/76      AC: 17    Str: 16    XL:     10   Next: 80%
Magic:  18/18      EV:  8    Int: 15    God:    Gozag
Gold:   905        SH:  0    Dex: 18    Spells: 19/20 levels left

rFire    . . .     SeeInvis +     - Unarmed
rCold    + . .     Gourm    .   s - +0 shield
rNeg     . . .     Faith    .   w - +0 chain mail
rPois    .         Spirit   .   (helmet restricted)
rElec    .         Reflect  .   q - +2 cloak {+Inv}
rCorr    .         Harm     .   e - +2 pair of gloves
MR       +....                  i - +0 pair of boots
Stlth    ..........             (no amulet)
HPRegen  0.22/turn              m - ring of protection from magic
MPRegen  0.16/turn              l - ring "Quorerom" {+Fly SInv}

@: sleeping, gold aura, hasted
A: distributed training, fangs 1, horns 1, cold resistance 1, strong 1, strong
nose
a: Potion Petition, Call Merchant, Bribe Branch, Renounce Religion, Evoke
Invisibility, Evoke Flight


You were on level 9 of the Dungeon.
You worshipped Gozag.
Gozag was pleased with you.
You were not hungry.

You visited 2 branches of the dungeon, and saw 10 of its levels.

You collected 980 gold pieces.
You paid 75 gold pieces to Gozag.

Inventory:

Hand Weapons
 b - a +1 hunting sling
Missiles
 g - 193 stones (quivered)
 y - 32 sling bullets
Armour
 a - a +0 plate armour
 e - a +2 pair of gloves (worn)
 h - a scarf of repulsion
 i - a +0 pair of boots (worn)
 q - a +2 cloak of invisibility (worn)
 s - a +0 shield (worn)
 w - a +0 chain mail (worn)
Jewellery
 l - the ring "Quorerom" (right hand) {+Fly SInv}
   (You found it on level 6 of the Dungeon)

   [ring of see invisible]

   It lets you see invisible.
   It lets you fly.
 m - a ring of protection from magic (left hand)
Scrolls
 d - 8 scrolls of teleportation
 k - 6 scrolls of remove curse
 n - a scroll of blinking
 v - a scroll of fog
 z - a scroll of identify
 C - 2 scrolls of enchant weapon
Potions
 j - 4 potions of curing
 o - 2 potions of lignification
 p - 2 potions of flight
 t - a potion of haste
 u - a potion of brilliance
Comestibles
 c - 11 rations


   Skills:
 + Level 6.1 Fighting
 + Level 5.5 Short Blades
 + Level 5.5 Long Blades
 + Level 5.5 Axes
 + Level 5.5 Maces & Flails
 + Level 5.5 Polearms
 + Level 5.5 Staves
 + Level 5.5 Slings
 + Level 5.5 Bows
 + Level 5.5 Crossbows
 + Level 6.1 Throwing
 + Level 5.5 Armour
 + Level 6.1 Dodging
 + Level 5.5 Stealth
 + Level 5.5 Shields
 + Level 8.6 Unarmed Combat
 + Level 5.5 Spellcasting
 + Level 4.5 Conjurations
 + Level 4.5 Hexes
 + Level 4.5 Charms
 + Level 4.5 Summonings
 + Level 4.5 Necromancy
 + Level 4.5 Translocations
 + Level 4.5 Transmutations
 + Level 4.5 Fire Magic
 + Level 7.2 Ice Magic
 + Level 4.5 Air Magic
 + Level 4.5 Earth Magic
 + Level 4.5 Poison Magic
 + Level 6.0 Invocations
 + Level 6.1 Evocations


You had 19 spell levels left.
You knew the following spells:

 Your Spells              Type           Power        Failure   Level  Hunger
a - Apportation           Tloc           ###...       75%         1    None


Dungeon Overview and Level Annotations

Branches:
Dungeon (9/15)             Temple (1/1) D:4
   Lair: D:8-11         Orc: D:9-12

Altars:
Ashenzari
Cheibriados
Dithmenos
Elyvilon
Fedhas
Gozag
Hepliaklqana
Kikubaaqudgha
Nemelex Xobeh
Okawaru
Qazlal
Ru
Sif Muna
Trog
Uskayaw
Vehumet
Wu Jian
Xom
Yredelemnul
Zin
The Shining One

Shops:
D:6 *


Innate Abilities, Weirdness & Mutations

Your experience applies equally to all skills.
You have very sharp teeth.
Your uncanny sense of smell can sniff out nearby items.
You have a pair of small horns on your head.
Your flesh is cold resistant. (rC+)
Your muscles are strong. (Str +2)


Message History

The yak is almost dead.
The dream sheep bites you but does no damage.
You hit the yak.
You kill the yak!
The dream sheep is distracted by the nearby gold.
You see here 21 gold pieces.
You block the yak's attack.
The dream sheep bleats!
The dream sheep completely misses you.
You see here 21 gold pieces.
Your shield and chain mail prevent you from hitting the yak.
You block the dream sheep's attack.
You punch the yak!
The yak is moderately wounded.
The dream sheep is no longer distracted by gold.
The dream sheep shake their wool and sparkle.
You feel drowsy...
You fall asleep.
The yak gores you!!
You die...
Your body crumbles into a pile of gold.

.....# ∆ ###....
##'''###+# ##.).#..
#.....P≈.# ##.)=#...
#%%...≈≈P####..##....
#..P..P≈≈#...)###....
#...%..≈P#...###.....
#.≈.YK≈PP#...# #.....
####Y#####...# ##....
#@Y.......## #....
##..........# #....
#...........# ##...
..........
#...........## ...
#..........
#.........### #..
#.........#
#........## ##
#.........#
#.......## #
#.........# #.####.##
#.........# ## ..


You could see a yak, a big kobold and 2 dream sheep.

Vanquished Creatures
  Erolcha (D:9)
  The ghost of Maimakterion the Blocker, a journeyman MiFi of Okawaru (D:9)
  A two-headed ogre (D:9)
  The ghost of Calypsia the Insei, a novice OpTm of Sif Muna (D:6)
  A troll (D:9)
  A slime creature (D:7)
  A yak (D:9)
  Menkaure (D:6)
  A water moccasin (D:8)
  A black bear (D:5)
  An ice beast (D:5)
  An orc warrior (D:9)
  A sky beast (D:7)
  An ogre (D:9)
  3 centaurs
  2 crocodiles (D:9)
  2 big kobolds
  3 bullfrogs
  4 wights (D:8)
  A howler monkey (D:4)
  2 crimson imps
  3 bullfrog zombies
  6 jellies
  A centaur zombie (D:7)
  4 orc priests
  A gnoll shaman (D:5)
  A bullfrog skeleton (D:8)
  2 hounds
  5 orc wizards
  Crazy Yiuf (D:7)
  Natasha (thrice) (D:4)
  An iguana (D:4)
  4 worker ants
  2 worker ant zombies
  Robin (D:2)
  11 gnolls
  A howler monkey skeleton (D:9)
  15 adders
  A shadow imp (D:7)
  12 oozes
  2 adder skeletons
  3 worms
  4 dart slugs
  2 leopard geckos (D:4)
  21 orcs
  4 giant cockroaches
  12 goblins
  12 hobgoblins
  7 jackals
  14 kobolds
  4 quokkas
  10 bats
  5 frilled lizards
  A leopard gecko zombie (D:5)
  9 rats
216 creatures vanquished.

Vanquished Creatures (others)
  A quokka (D:6)
  6 fungi (D:7)
7 creatures vanquished.

Grand Total: 223 creatures vanquished

Notes
Turn   | Place    | Note
-------+----------+-------------------------------------------
     0 | D:1      | wolfsongas the Gnoll Wanderer began the quest for the Orb.
     0 | D:1      | wolfsongas set off with: a potion of berserk rage, a scroll of blinking, a ration, a scroll of teleportation, a +0 robe, a +0 dagger
     0 | D:1      | Reached XP level 1. HP: 17/17 MP: 2/2
   168 | D:1      | Reached XP level 2. HP: 23/23 MP: 3/3
   647 | D:1      | Reached XP level 3. HP: 23/28 MP: 4/4
   942 | D:2      | Reached skill level 1 in Invocations
  1165 | D:2      | Reached skill level 1 in Short Blades
  1165 | D:2      | Reached skill level 1 in Long Blades
  1165 | D:2      | Reached skill level 1 in Axes
  1165 | D:2      | Reached skill level 1 in Maces & Flails
  1165 | D:2      | Reached skill level 1 in Polearms
  1165 | D:2      | Reached skill level 1 in Staves
  1165 | D:2      | Reached skill level 1 in Slings
  1165 | D:2      | Reached skill level 1 in Bows
  1165 | D:2      | Reached skill level 1 in Crossbows
  1165 | D:2      | Reached skill level 1 in Armour
  1165 | D:2      | Reached skill level 1 in Stealth
  1165 | D:2      | Reached skill level 1 in Shields
  1165 | D:2      | Reached skill level 1 in Spellcasting
  1174 | D:2      | Gained mutation: Your system is resistant to poisons. (rPois) [potion of mutation]
  1174 | D:2      | Gained mutation: You are frail. (-10% HP) [potion of mutation]
  1174 | D:2      | Gained mutation: You have sharp toenails. [potion of mutation]
  1174 | D:2      | Gained mutation: You have a pair of small horns on your head. [potion of mutation]
  1177 | D:2      | Reached XP level 4. HP: 13/30 MP: 6/6
  1545 | D:2      | Found a basalt altar of Yredelemnul.
  1682 | D:2      | Reached skill level 1 in Conjurations
  1682 | D:2      | Reached skill level 1 in Hexes
  1682 | D:2      | Reached skill level 1 in Charms
  1682 | D:2      | Reached skill level 1 in Summonings
  1682 | D:2      | Reached skill level 1 in Necromancy
  1682 | D:2      | Reached skill level 1 in Translocations
  1682 | D:2      | Reached skill level 1 in Transmutations
  1682 | D:2      | Reached skill level 1 in Fire Magic
  1682 | D:2      | Reached skill level 1 in Air Magic
  1682 | D:2      | Reached skill level 1 in Earth Magic
  1682 | D:2      | Reached skill level 1 in Poison Magic
  1803 | D:2      | Reached XP level 5. HP: 34/36 MP: 7/7
  1879 | D:2      | Noticed Robin
  1896 | D:2      | Killed Robin
  2506 | D:3      | Lost mutation: You have sharp toenails. [potion of mutation]
  2506 | D:3      | Lost mutation: You are frail. (-10% HP) [potion of mutation]
  2506 | D:3      | Lost mutation: Your system is resistant to poisons. (rPois) [potion of mutation]
  2506 | D:3      | Gained mutation: Your muscles are strong. (Str +2) [potion of mutation]
  2506 | D:3      | Gained mutation: Your flesh is cold resistant. (rC+) [potion of mutation]
  2921 | D:3      | Reached XP level 6. HP: 33/47 MP: 8/8
  4181 | D:4      | Noticed Natasha
  4191 | D:4      | Killed Natasha
  4428 | D:4      | Found a staircase to the Ecumenical Temple.
  4550 | D:4      | Reached XP level 7. HP: 42/52 MP: 10/10
  4649 | D:4      | Noticed Natasha
  4660 | D:4      | Killed Natasha
  4718 | D:4      | Noticed Natasha
  4726 | D:4      | Killed Natasha
  4895 | Temple   | Entered the Ecumenical Temple
  5273 | D:5      | Entered Level 5 of the Dungeon
  5310 | D:5      | Reached skill level 7 in Unarmed Combat
  5484 | D:5      | Found a sparkling altar of Nemelex Xobeh.
  5817 | D:5      | Found an iron altar of Okawaru.
  5820 | D:5      | Found a bloodstained altar of Trog.
  6090 | D:5      | Found a snail-covered altar of Cheibriados.
  6092 | D:5      | Found a blossoming altar of Fedhas.
  6098 | D:5      | Found a hazy altar of Hepliaklqana.
  6099 | D:5      | Found an opulent altar of Gozag.
  6105 | D:5      | Became a worshipper of Gozag Ym Sagoz the Greedy
  6357 | D:5      | Reached XP level 8. HP: 49/60 MP: 12/12
  6845 | D:6      | Noticed Calypsia's ghost (novice OpTm)
  6877 | D:6      | Killed Calypsia's ghost
  7075 | D:6      | Found a white marble altar of Elyvilon.
  7078 | D:6      | Got a brightly glowing steel ring
  7080 | D:6      | Identified the ring "Quorerom" {+Fly SInv} (You found it on level 6 of the Dungeon)
  7094 | D:6      | Learned a level 1 spell: Apportation
  7163 | D:6      | Found a shimmering altar of Xom.
  7196 | D:6      | Found Togialon's General Store.
  7374 | D:6      | Noticed Menkaure
  7392 | D:6      | Killed Menkaure
  7755 | D:6      | Found a deep blue altar of Sif Muna.
  8009 | D:6      | Identified Sif Muna's Guide on Aid
  8070 | D:7      | Reached XP level 9. HP: 66/66 MP: 14/14
  8338 | D:7      | Found a runed door.
  8342 | D:7      | Noticed Crazy Yiuf
  8355 | D:7      | Killed Crazy Yiuf
  8795 | D:7      | HP: 2/67 [slime creature (13)]
  9126 | D:7      | Reached skill level 5 in Fighting
  9126 | D:7      | Reached skill level 5 in Throwing
  9126 | D:7      | Reached skill level 5 in Dodging
  9126 | D:7      | Reached skill level 5 in Evocations
  9557 | D:8      | Reached skill level 8 in Unarmed Combat
  9944 | D:8      | Reached skill level 5 in Invocations
 10721 | D:9      | Noticed a troll
 10729 | D:9      | Killed a troll
 10729 | D:9      | Reached XP level 10. HP: 41/74 MP: 15/17
 11146 | D:9      | Noticed a two-headed ogre
 11156 | D:9      | Noticed Maimakterion's ghost (journeyman MiFi)
 11159 | D:9      | Killed a two-headed ogre
 11159 | D:9      | Reached skill level 5 in Short Blades
 11159 | D:9      | Reached skill level 5 in Long Blades
 11159 | D:9      | Reached skill level 5 in Axes
 11159 | D:9      | Reached skill level 5 in Maces & Flails
 11159 | D:9      | Reached skill level 5 in Polearms
 11159 | D:9      | Reached skill level 5 in Staves
 11159 | D:9      | Reached skill level 5 in Slings
 11159 | D:9      | Reached skill level 5 in Bows
 11159 | D:9      | Reached skill level 5 in Crossbows
 11159 | D:9      | Reached skill level 5 in Armour
 11159 | D:9      | Reached skill level 5 in Stealth
 11159 | D:9      | Reached skill level 5 in Shields
 11159 | D:9      | Reached skill level 5 in Spellcasting
 11176 | D:9      | Killed Maimakterion's ghost
 11426 | D:9      | Noticed Erolcha
 11458 | D:9      | Killed Erolcha
 11700 | D:9      | Slain by a yak

Vault maps used:
D:1:      lightli_arrival_lavapool, corner_web_ring, nrook_mini_backslash
D:2:      cheibrodos_old_hovel, yredelemnul_altar_generic, first_ration,
          uniq_robin
D:4:      temple_doors_e, serial_forest, infiniplex_forest_straight_2,
          infiniplex_forest_end_1, infiniplex_forest_clump_double,
          infiniplex_forest_end_2, infiniplex_forest_straight_4,
          infiniplex_forest_straight_4, infiniplex_forest_straight_2,
          infiniplex_forest_clump_curved, uniq_natasha
D:5:      minitemple, basic_altar, minivault_5
D:6:      led_sif_book, elyvilon_altar_4, basic_altar, serial_shops, shop,
          uniq_menkaure
D:7:      lemuel_slime, uniq_crazy_yiuf_cottage
D:9:      overflow_temple_1_default, hangedman_ranch, serial_park_tiny_1,
          kennysheep_potato, uniq_erolcha
Temple:   minmay_temple_forest_path

Skill      XL: |  1  2  3  4  5  6  7  8  9 10 |
---------------+-------------------------------+-----
Invocations    | 1 2 3 4 5 6 |  6.0
Short Blades   | 1 2 3 4 5 |  5.5
Long Blades    | 1 2 3 4 5 |  5.5
Axes           | 1 2 3 4 5 |  5.5
Maces & Flails | 1 2 3 4 5 |  5.5
Polearms       | 1 2 3 4 5 |  5.5
Staves         | 1 2 3 4 5 |  5.5
Slings         | 1 2 3 4 5 |  5.5
Bows           | 1 2 3 4 5 |  5.5
Crossbows      | 1 2 3 4 5 |  5.5
Armour         | 1 2 3 4 5 |  5.5
Stealth        | 1 2 3 4 5 |  5.5
Shields        | 1 2 3 4 5 |  5.5
Spellcasting   | 1 2 3 4 5 |  5.5
Conjurations   | 1 2 3 4 |  4.5
Hexes          | 1 2 3 4 |  4.5
Charms         | 1 2 3 4 |  4.5
Summonings     | 1 2 3 4 |  4.5
Necromancy     | 1 2 3 4 |  4.5
Translocations | 1 2 3 4 |  4.5
Transmutations | 1 2 3 4 |  4.5
Fire Magic     | 1 2 3 4 |  4.5
Air Magic      | 1 2 3 4 |  4.5
Earth Magic    | 1 2 3 4 |  4.5
Poison Magic   | 1 2 3 4 |  4.5
Fighting       | 3 4 5 6 |  6.1
Throwing       | 3 4 5 6 |  6.1
Dodging        | 3 4 5 6 |  6.1
Evocations     | 3 4 5 6 |  6.1
Unarmed Combat | 7 8 |  8.6
Ice Magic      | 6 7 |  7.2

Action                   |  1- 3 |  4- 6 |  7- 9 | 10-12 || total
-------------------------+-------+-------+-------+-------++-------
Melee: Unarmed           |    94 |    90 |   351 |    77 ||   612
       Bite              |     8 |     4 |    64 |    12 ||    88
       Punch             |     2 |     3 |     7 |     1 ||    13
       Headbutt          |       |    21 |    83 |    28 ||   132
       Kick              |       |     3 |       |       ||     3
 Fire: Hunting sling     |       |   183 |   174 |     5 ||   362
Invok: Potion Petition   |       |       |       |     1 ||     1
 Abil: Stop Flying       |       |       |     1 |       ||     1
       Evoke Flight      |       |       |     1 |       ||     1
       Evoke Invisibilit |       |       |     1 |       ||     1
  Use: Scroll            |     6 |     4 |     7 |     1 ||    18
       Potion            |     2 |     2 |     1 |     7 ||    12
 Stab: Sleeping          |     1 |     1 |       |       ||     2
       Distracted        |     1 |       |     1 |       ||     2
       Invisible         |       |       |     5 |       ||     5
  Eat: Chunk             |     1 |     6 |       |       ||     7
       Ration            |       |     2 |     6 |       ||     8
Armor: Robe              |    16 |       |       |       ||    16
       Leather armour    |     9 |    21 |       |       ||    30
       Ring mail         |       |    17 |    60 |       ||    77
       Chain mail        |       |       |   100 |    22 ||   122
Dodge: Dodged            |    77 |    90 |   221 |    17 ||   405
       Deflected         |       |       |     7 |       ||     7
Block: Shield            |       |       |       |    20 ||    20

Table legend:
 A = Spawn XP
 B = Non-spawn XP
 C = Spawn XP percentage of total XP
 D = Spawn monster count
 E = Non-spawn monster count
 F = Spawn count percentage of total count
 G = Total turns spent on level
                    A         B        C        D         E        F      G
               +---------+---------+-------+---------+---------+-------+---------
         Total |       0 |    8350 |   0.0 |       0 |     216 |   0.0 | 11700
               +---------+---------+-------+---------+---------+-------+---------
           D:1 |       0 |      45 |   0.0 |       0 |      26 |   0.0 |  1183
           D:2 |       0 |     216 |   0.0 |       0 |      43 |   0.0 |  1286
           D:3 |       0 |     140 |   0.0 |       0 |      25 |   0.0 |  1317
           D:4 |       0 |     328 |   0.0 |       0 |      18 |   0.0 |  1302
           D:5 |       0 |     550 |   0.0 |       0 |      23 |   0.0 |  1157
           D:6 |       0 |     918 |   0.0 |       0 |      18 |   0.0 |  1667
           D:7 |       0 |    1389 |   0.0 |       0 |      32 |   0.0 |  1177
           D:8 |       0 |     763 |   0.0 |       0 |      13 |   0.0 |  1198
           D:9 |       0 |    4001 |   0.0 |       0 |      18 |   0.0 |  1045
               +---------+---------+-------+---------+---------+-------+---------
